 Dungeon Crawl Stone Soup version 0.31.0-32-g396128a36d (webtiles) character file.

Game seed: 7651953857881318801

16307 AlexRAT the Cleaver (level 12, -3/85 HPs)
             Began as a Minotaur Berserker on Mar 25, 2024.
             Was an Elder of Trog.
             Killed from afar by a wretched star (24 damage)
             ... with a lance of force
             ... in a Gauntlet.
             The game lasted 00:46:20 (12508 turns).

AlexRAT the Cleaver (Minotaur Berserker)           Turns: 12508, Time: 00:46:46

Health: -3/85      AC:  9    Str: 21 (23) XL:     12   Next: 8%
Magic:  9/9        EV: 16    Int:  6 (7)  God:    Trog [****..]
Gold:   69         SH:  0    Dex: 21      Spells: 11/11 levels left

rFire   + + .        u - +0 battleaxe (venom)
rCold   x x .        (shield currently unavailable)
rNeg    + . .        w - +1 ring mail {Will+}
rPois   +            (helmet restricted)
rElec   .            c - scarf of Evolution {shadows, ^Drain rF++ rCorr Stlth+}
rCorr   +            (no gloves)
SInv    .            o - +0 pair of boots
Will    ++...        L - amulet of Ruipp {rPois Regen+}
Stlth   +++++        E - ring of the Ghosts {rN+ Str+3 Int+4 Dex+3}
HPRegen 1.14/turn    D - ring of willpower
MPRegen 0.11/turn

%: no teleportation
@: on berserk cooldown, slowed, very slow
A: horns 2, retaliatory headbutt, thin skeletal structure 1, agile 1, high MP 1,
[deterioration 2], [frail 2], [low MP 2], ([teleportitis 2]), [weak 2], [cold
vulnerability 2], subdued magic 1[+2]
a: Renounce Religion, Berserk, Trog's Hand, Brothers in Arms


You were in a Gauntlet.
You worshipped Trog.
Trog was greatly pleased with you.
You visited 1 branch of the dungeon, and saw 12 of its levels.
You also visited: Ossuary and Gauntlet.

You collected 686 gold pieces.
You spent 617 gold pieces at shops.

Inventory:

Hand Weapons
 j - a +2 mace of holy wrath
 u - a +0 battleaxe of venom (weapon)
Missiles
 f - 2 throwing nets (quivered)
Armour
 c - the scarf of Evolution (worn) {shadows, ^Drain rF++ rCorr Stlth+}
   (You acquired it on level 5 of the Dungeon)

   rF++:      It greatly protects you from fire.
   rCorr:     It protects you from acid and corrosion.
   ^Drain:    It drains your maximum health when unequipped.
   Stlth+:    It makes you more stealthy.
 o - a +0 pair of boots (worn)
 w - a +1 ring mail of willpower (worn)
Jewellery
 b - a ring of protection from fire
 s - a ring of resist corrosion
 D - a ring of willpower (right hand)
 E - the ring of the Ghosts (left hand) {rN+ Str+3 Int+4 Dex+3}
   (You bought it in a shop on level 2 of the Dungeon)

   [ring of positive energy]

   Str+3:     It affects your strength (+3).
   Int+4:     It affects your intelligence (+4).
   Dex+3:     It affects your dexterity (+3).
   rN+:       It protects you from negative energy.
 L - the amulet of Ruipp (around neck) {rPois Regen+}
   (You found it in a Gauntlet)

   [amulet of regeneration]

   rPois:     It protects you from poison Regen+: It increases your rate of
   health regeneration.
Wands
 g - a wand of acid (7)
 h - a wand of roots (3)
 x - a wand of mindburst (25)
 y - a wand of flame (70)
 F - a wand of digging (6)
 G - a wand of charming (11)
Scrolls
 a - a scroll of fear
 i - a scroll of enchant weapon
 k - a scroll of enchant armour
 q - a scroll of vulnerability
 A - a scroll of revelation
 H - a scroll of teleportation
 K - a scroll of silence
Potions
 e - 5 potions of attraction
 l - 3 potions of heal wounds
 m - 4 potions of might
 n - 2 potions of ambrosia
 p - a potion of lignification {unknown}
 r - 2 potions of brilliance {unknown}
 t - a potion of enlightenment {unknown}
 v - a potion of berserk rage {unknown}
 z - a potion of resistance {unknown}
 B - a potion of curing
 C - a potion of cancellation
 I - a potion of invisibility {unknown}
 J - 2 potions of mutation


   Skills:
 + Level 10.4 Fighting
 + Level 13.8(14.9) Axes
 - Level 9.4(12.8) Maces & Flails
 - Level 1.4 Throwing
 + Level 9.5 Armour
 + Level 7.1 Dodging
 + Level 5.5 Stealth
 - Level 2.1 Shields


You had 11 spell levels left.
You didn't know any spells.
Your spell library was empty.

Dungeon Overview and Level Annotations

Branches:
Dungeon (12/15)            Temple (0/1) D:6            Lair (0/5) D:11
    Orc (0/2) D:11        Ossuary (visited)         Gauntlet (1/1)

Altars:
Fedhas
Kikubaaqudgha
Makhleb
Okawaru
Ru
Trog
Vehumet

Shops:
D:2 =   D:11 ?!?=

Annotations:
Gauntlet 11 transporters


Innate Abilities, Weirdness & Mutations

You have a pair of horns on your head.
You reflexively headbutt those who attack you in melee.
You have a somewhat thin skeletal structure. (Dex +2, Stealth+)
You are agile. (Dex +4, Str/Int -1)
You have an increased reservoir of magic. (+10% MP)
[Your body often deteriorates upon taking damage.]
[You are very frail. (-20% HP)]
[Your magical capacity is very low. (-20% MP)]
[((You are often teleported next to monsters.))]
[You are very weak. (Str -4)]
[You are very vulnerable to cold. (rC--)]
[Your spells are much easier to cast, but much less powerful.]


Message History

You slice the small abomination!!
You destroy the small abomination!
Trog accepts your kill.
You barely miss the wretched star. You headbutt the wretched star!
The wretched star is moderately damaged.
You closely miss the wretched star. You headbutt the wretched star!
The wretched star is heavily damaged.
You closely miss the wretched star.
The wretched star is heavily damaged.
Your skin stops crawling.
You feel less strong-willed.
The wretched star pulses with an eldritch light!
You feel weaker. x2; You feel less energetic. x2
You slash the wretched star!
The wretched star is heavily damaged.
You slice the wretched star!! Your headbutt misses the wretched star.
The wretched star is almost destroyed.
The wretched star glows turbulently.
The lance of force hits you!
You are knocked back by the lance of force.
You slam into the translucent stone wall!
Your body deteriorates!
You feel weakened.
The wretched star glows turbulently.
The lance of force hits you!
Your body deteriorates!
You feel weakened.
You are knocked back by the lance of force.
You slam into the translucent stone wall!
* * * LOW HITPOINT WARNING * * *
Your body deteriorates!
You feel dopey.
You feel a strong urge to attack something.
You are no longer berserk.
You are exhausted.
You feel yourself slow down.
You barely miss the wretched star.
The wretched star is almost destroyed.
The wretched star pulses with an eldritch light!
You feel vulnerable to cold. x2; You feel weirdly uncertain.
You feel even more weirdly uncertain.
The wretched star glows turbulently.
The lance of force hits you!!
You die...

### .8.8.8.8.8.8.8. #8#
...............
##########.#########.##
#≈.......#.#..≈∩≈..#.#.
###........#©#.......#©#.
#8#..###########...######
###..#.........#...#...Z.
#....#..*###...#...#.#.#.
###....#..@.#...=#...#:.#.#
#8#..###.#.©#..#!#...#!#.#.
###..#©#.######.©#...#©.#.©
#..#.#.#..#..#.#...#.#.#.
###..#.#....#...?#...#[.#.#
#8#..#.#...###...#...#.#.#.
#########..#.#.x......x#...#ZZZ..
#8#........#.###########...######
###........#.#...........≈.......


You could see a wretched star and a small abomination (wandering).

Vanquished Creatures
  Harold (D:10)
  Erolcha (D:11)
  3 two-headed ogres (D:9)
  Erica (D:8)
  Pikel (D:8)
  2 ugly things (D:12)
  Maurice (D:9)
  2 cyclopes
  Joseph (D:9)
  A kobold demonologist (D:8)
  A hornet (D:8)
  A queen bee (Gauntlet)
  A slime creature (D:7)
  Sigmund (D:3)
  A wraith (D:10)
  2 wyverns
  2 wargs (D:11)
  A human (D:11)
  11 yaks
  3 vampire mosquitoes (D:11)
  A small abomination (Gauntlet)
  Menkaure (D:6)
  Edmund (D:6)
  4 acid dragons
  2 water moccasins (D:11)
  An orc warrior (D:11)
  An ice beast (D:5)
  2 sky beasts
  3 black bears
  2 ogres
  6 centaurs
  A lemure (D:8)
  A phantom (D:6)
  6 bullfrogs
  6 kobold brigands
  Blork the orc (D:6)
  A gnoll sergeant (D:8)
  3 scorpions
  15 wights
  An elf skeleton (D:5)
  2 burial acolytes (Ossuary)
  10 killer bees
  2 bombardier beetles
  5 howler monkeys
  A crimson imp (D:4)
  2 centaur zombies (Ossuary)
  3 jellies
  A hound (D:6)
  A sleepcap (D:5)
  11 orc priests
  3 iguanas
  6 orc wizards
  Terence (D:2)
  5 mummies (Ossuary)
  Robin (D:2)
  5 gnolls (D:8)
  11 adders
  2 white imps
  4 dart slugs
  3 ribbon worms (D:2)
  31 orcs
  12 ball pythons
  5 bats
  3 endoplasms (D:2)
  3 giant cockroaches
  10 hobgoblins
  6 jackals (D:4)
  36 kobolds
  7 quokkas
  2 frilled lizards (D:1)
  2 gnoll zombies (Ossuary)
  19 goblins
  2 kobold zombies (Ossuary)
  5 orc skeletons (D:5)
  2 orc zombies (Ossuary)
  7 rats
328 creatures vanquished.

Notes
Turn   | Place    | Note
-------+----------+-------------------------------------------
     0 | D:1      | AlexRAT the Minotaur Berserker began the quest for the Orb.
     0 | D:1      | Reached XP level 1. HP: 19/19 MP: 0/0
   103 | D:1      | Reached skill level 4 in Axes
   115 | D:1      | Reached XP level 2. HP: 19/27 MP: 1/1
   520 | D:1      | Reached XP level 3. HP: 28/33 MP: 2/2
   895 | D:2      | Reached ** piety under Trog
   906 | D:2      | Noticed Robin
   914 | D:2      | Killed Robin
  1046 | D:2      | Reached skill level 1 in Maces & Flails
  1046 | D:2      | Reached XP level 4. HP: 41/41 MP: 3/3
  1131 | D:2      | Noticed Terence
  1145 | D:2      | Killed Terence
  1616 | D:2      | Found Jyjesec's Jewellery Boutique.
  1651 | D:2      | Reached skill level 5 in Axes
  1651 | D:2      | Reached XP level 5. HP: 40/47 MP: 4/4
  2029 | D:3      | Reached *** piety under Trog
  2143 | D:3      | Noticed Sigmund
  2156 | D:3      | Gained mutation: You sometimes lose your temper in combat.
                  | [potion of mutation]
  2168 | D:3      | Killed Sigmund
  2169 | D:3      | Reached skill level 5 in Fighting
  2169 | D:3      | Reached skill level 1 in Stealth
  2169 | D:3      | Reached XP level 6. HP: 52/56 MP: 5/5
  2215 | D:3      | Lost mutation: You sometimes lose your temper in combat.
                  | [potion of mutation]
  2215 | D:3      | Gained mutation: Your spells are a little harder to cast,
                  | but a little more powerful. [potion of mutation]
  2215 | D:3      | Gained mutation: You have sharp toenails. [potion of
                  | mutation]
  2671 | D:4      | Noticed a sky beast
  2672 | D:4      | Identified the +0 leather armour "Paoseif" {Regen+ Stlth+}
  2678 | D:4      | Killed a sky beast
  2970 | D:4      | Reached skill level 5 in Maces & Flails
  2970 | D:4      | Reached XP level 7. HP: 61/61 MP: 6/6
  3018 | D:4      | Found a radiant altar of Vehumet.
  3019 | D:4      | Found a burning altar of Makhleb.
  3131 | D:4      | Found a sacrificial altar of Ru.
  3371 | D:4      | Found an ancient bone altar of Kikubaaqudgha.
  3399 | D:5      | Entered Level 5 of the Dungeon
  3405 | D:5      | Identified a scroll of acquirement
  3406 | D:5      | Acquired the scarf of Evolution {shadows, ^Drain rF++ rCorr
                  | Stlth+}
  3491 | D:5      | Found a sand-covered staircase.
  3503 | Ossuary  | Entered an ossuary
  3544 | Ossuary  | Reached **** piety under Trog
  3803 | Ossuary  | Lost mutation: You have sharp toenails. [potion of
                  | mutation]
  3803 | Ossuary  | Lost mutation: Your spells are a little harder to cast, but
                  | a little more powerful. [potion of mutation]
  3803 | Ossuary  | Gained mutation: You occasionally shout uncontrollably at
                  | your foes. [potion of mutation]
  3803 | Ossuary  | Gained mutation: Your health recovers twice as slowly from
                  | being drained. [potion of mutation]
  3803 | Ossuary  | Gained mutation: [Your body sometimes deteriorates upon
                  | taking damage.] [potion of mutation]
  3804 | Ossuary  | Lost mutation: You occasionally shout uncontrollably at
                  | your foes. [potion of mutation]
  3804 | Ossuary  | Lost mutation: [Your body sometimes deteriorates upon
                  | taking damage.] [potion of mutation]
  3804 | Ossuary  | Gained mutation: [You are weak. (Str -2)] [potion of
                  | mutation]
  3805 | Ossuary  | Lost mutation: Your health recovers twice as slowly from
                  | being drained. [potion of mutation]
  3805 | Ossuary  | Lost mutation: [You are weak. (Str -2)] [potion of
                  | mutation]
  3805 | Ossuary  | Gained mutation: You have an increased reservoir of magic.
                  | (+10% MP) [potion of mutation]
  3805 | Ossuary  | Gained mutation: [Your spells are a little easier to cast,
                  | but a little less powerful.] [potion of mutation]
  3805 | Ossuary  | Gained mutation: You have a somewhat thin skeletal
                  | structure. (Dex +2, Stealth+) [potion of mutation]
  3805 | Ossuary  | Gained mutation: You are agile. (Dex +4, Str/Int -1)
                  | [potion of mutation]
  3982 | D:5      | Reached skill level 5 in Armour
  3987 | D:5      | Reached XP level 8. HP: 45/69 MP: 7/7
  4245 | D:5      | Reached skill level 1 in Shields
  4975 | D:6      | Noticed Menkaure
  4980 | D:6      | Killed Menkaure
  4997 | D:6      | Noticed Blork the orc
  5006 | D:6      | Killed Blork the orc
  5128 | D:6      | Found a staircase to the Ecumenical Temple.
  5160 | D:6      | Reached XP level 9. HP: 72/78 MP: 8/8
  5194 | D:6      | Noticed Edmund
  5201 | D:6      | Killed Edmund
  5734 | D:7      | Reached skill level 6 in Axes
  6059 | D:7      | Found an iron altar of Okawaru.
  6197 | D:7      | Reached skill level 7 in Axes
  6223 | D:7      | Reached skill level 5 in Dodging
  6741 | D:8      | Reached skill level 8 in Axes
  7003 | D:8      | Noticed a kobold demonologist
  7095 | D:8      | Killed a kobold demonologist
  7096 | D:8      | Reached XP level 10. HP: 86/86 MP: 10/10
  7104 | D:8      | Reached ***** piety under Trog
  7216 | D:8      | Noticed Pikel
  7227 | D:8      | Killed Pikel
  7228 | D:8      | Reached skill level 9 in Axes
  7544 | D:8      | Noticed Erica
  7561 | D:8      | Killed Erica
  7562 | D:8      | Reached skill level 1 in Throwing
  7888 | D:8      | Reached skill level 10 in Axes
  8051 | D:9      | Noticed Maurice
  8114 | D:9      | Maurice stole a +2 scimitar of flaming
  8120 | D:9      | Something stole an amulet of guardian spirit
  8121 | D:9      | Something stole a +0 buckler
  8122 | D:9      | Something stole a curare-tipped dart
  8127 | D:9      | Something stole 206 gold
  8129 | D:9      | Something stole 201 gold
  8131 | D:9      | Killed Maurice
  8382 | D:9      | Noticed a two-headed ogre
  8385 | D:9      | Killed a two-headed ogre
  8386 | D:9      | Reached skill level 11 in Axes
  8422 | D:9      | Noticed a two-headed ogre
  8427 | D:9      | Noticed a cyclops
  8431 | D:9      | Killed a two-headed ogre
  8682 | D:9      | Noticed Joseph
  8694 | D:9      | Killed Joseph
  8695 | D:9      | Reached XP level 11. HP: 95/95 MP: 11/11
  9158 | D:9      | Noticed a two-headed ogre
  9170 | D:9      | Killed a two-headed ogre
  9171 | D:9      | Reached skill level 12 in Axes
  9279 | D:10     | Entered Level 10 of the Dungeon
  9470 | D:10     | Noticed Harold
  9704 | D:10     | Killed Harold
  9705 | D:10     | Reached skill level 13 in Axes
 10037 | D:10     | Found a blossoming altar of Fedhas.
 10042 | D:10     | Found a bloodstained altar of Trog.
 10238 | D:11     | Noticed Erolcha
 10417 | D:11     | Found Moag's Magic Scroll Emporium.
 10514 | D:11     | Found Tuvaom's Distillery.
 10543 | D:11     | Bought a potion of curing for 33 gold pieces
 10567 | D:11     | Identified the +5 dagger of Extremism {freeze, rElec rPois
                  | Str+3 Stlth-}
 10967 | D:2      | Bought the ring of the Ghosts {rN+ Str+3 Int+4 Dex+3} for
                  | 480 gold pieces
 11157 | D:11     | Reached skill level 5 in Stealth
 11165 | D:11     | Found a staircase to the Lair.
 11170 | D:11     | Reached skill level 10 in Fighting
 11295 | D:11     | Found Giceovehu's Magic Scroll Boutique.
 11301 | D:11     | Bought a scroll of brand weapon for 104 gold pieces
 11342 | D:11     | Killed Erolcha
 11437 | D:11     | Found a staircase to the Orcish Mines.
 11622 | D:11     | Found Oleofya's Jewellery Shoppe.
 11898 | D:12     | Noticed a purple ugly thing
 11899 | D:12     | Found a gate leading to a gauntlet.
 11900 | D:12     | Noticed a purple ugly thing
 11910 | D:12     | Killed a purple ugly thing
 11915 | D:12     | Killed a purple ugly thing
 11916 | D:12     | Reached XP level 12. HP: 106/106 MP: 12/12
 11926 | Gauntlet | Entered a Gauntlet
 11926 | Gauntlet | Found a transporter.
 11926 | Gauntlet | Found a transporter.
 11933 | Gauntlet | Found a transporter.
 11948 | Gauntlet | Found a transporter.
 11966 | Gauntlet | Found a transporter.
 11979 | Gauntlet | Found a transporter.
 11998 | Gauntlet | Found a transporter.
 12085 | Gauntlet | Found a transporter.
 12098 | Gauntlet | Found a transporter.
 12105 | Gauntlet | Found a transporter.
 12129 | Gauntlet | Found a transporter.
 12137 | Gauntlet | Found a transporter.
 12155 | Gauntlet | Found a transporter.
 12165 | Gauntlet | Found a transporter.
 12210 | Gauntlet | Found a transporter.
 12225 | Gauntlet | Found a transporter.
 12463 | Gauntlet | Identified the amulet of Ruipp {rPois Regen+}
 12508 | Gauntlet | Killed from afar by a wretched star

Illustrated notes

Levels and vault maps discovered:
D:1:      lightli_arrival_statuegarden, layout_loops_ring, minmay_pentomino_o4
D:2:      layout_loops_corners, serial_shops, shop, minmay_unequal, uniq_robin,
          uniq_terence
D:3:      layout_basic, uniq_sigmund
D:4:      layout_basic, grunt_temple_overflow_lords_of_destruction,
          marbit_many_paths, kennysheep_mini
D:5:      layout_basic, nicolae_ossuary_entry_catacombs
D:6:      layout_rooms, minmay_temple_entry_water_ring, uniq_menkaure,
          uniq_edmund, uniq_blork_the_orc
D:7:      layout_loops_ring, okawaru_trees_2, kb_rosetta
D:8:      layout_gridville, minmay_stone_trees_medium,
          kennysheep_generic_room_2, uniq_erica, uniq_pikel
D:9:      layout_roguey, uniq_joseph, uniq_maurice
D:10:     layout_basic, amethyst_overflow_temple_binary,
          hangedman_decor_growths, uniq_harold
D:11:     layout_cross, due_lair_maze_entry_diamond, erik_orc_4, serial_shops,
          shop, shop, shop, nicolae_shop_hallway_plus, uniq_erolcha
D:12:     layout_loops_cross, gauntlet_entry_generic, uniq_nergalle
Gauntlet: gammafunk_gauntlet_branching [gammafunk_gauntlet_arena_teeth,
          nicolae_gauntlet_swirl, nicolae_gauntlet_arena_blocks,
          gammafunk_gauntlet_arena_split_x, nicolae_gauntlet_arena_quarters,
          gammafunk_gauntlet_arena_crates, nicolae_gauntlet_arena_t_cross,
          gammafunk_gauntlet_arena_grid, nicolae_gauntlet_exit_dead_adventurers]

Skill      XL: |  1  2  3  4  5  6  7  8  9 10 11 |
---------------+----------------------------------+-----
Axes           | 4 5 8 11 13 | 13.8
Fighting       | 4 5 6 7 8 10 | 10.4
Maces & Flails | 1 2 4 5 6 8 9 |  9.4
Dodging        | 3 4 5 7 |  7.1
Armour         | 3 4 5 6 7 9 |  9.5
Stealth        | 1 3 4 5 |  5.5
Shields        | 2 |  2.1
Throwing       | 1 |  1.4

Action                     |  1- 3 |  4- 6 |  7- 9 | 10-12 || total
---------------------------+-------+-------+-------+-------++-------
  Melee: Hand axe          |    39 |       |       |       ||    39
         Headbutt          |    11 |    17 |    61 |    71 ||   160
         Mace              |    35 |   139 |   149 |       ||   323
         Battleaxe         |       |       |   101 |   299 ||   400
  Throw: Dart              |       |       |     3 |     1 ||     4
         Throwing net      |       |       |       |     1 ||     1
 Invoke: Berserk           |       |     1 |     4 |    14 ||    19
         Trog's Hand       |       |       |     2 |     8 ||    10
    Use: Potion            |       |     3 |     3 |     3 ||     9
         Scroll            |       |       |     9 |    13 ||    22
   Stab: Sleeping          |     1 |     1 |    15 |     3 ||    20
         Distracted        |       |       |     1 |     1 ||     2
 Armour: Animal skin       |    36 |     8 |       |       ||    44
         Scale mail        |       |    63 |       |   127 ||   190
         Ring mail         |       |    17 |   178 |   103 ||   298
  Dodge: Dodged            |    52 |    72 |   168 |   203 ||   495
  Block: Buckler           |       |     4 |    23 |       ||    27
